 Dungeon Crawl Stone Soup version 0.26-a0-812-g31a745ddcd (webtiles) character file.

Game seed: 12900060229105576233

287 Lanoc the Conjurer (level 6, -1/24 HPs)
             Began as a Felid Conjurer on Nov 22, 2020.
             Slain by a worm (6 damage)
             ... on level 5 of the Dungeon.
             The game lasted 00:07:33 (5460 turns).

Lanoc the Conjurer (Felid Conjurer)                 Turns: 5460, Time: 00:07:34

Health: -1/24      AC:  2    Str:  3    XL:     6   Next: 8%
Magic:  2/10       EV: 21    Int: 22    God:
Gold:   215        SH:  0    Dex: 14    Spells: 6/9 levels left
                                        Lives:  0   Deaths: 2

rFire    . . .     SeeInvis +   (weapon unavailable)
rCold    . . .     Faith    .   (shield unavailable)
rNeg     . . .     Spirit   .   (armour unavailable)
rPois    .         Reflect  .   (helmet unavailable)
rElec    .         Harm     .   (cloak unavailable)
rCorr    .         Rampage  .   (gloves unavailable)
MR       .....                  (boots unavailable)
Stlth    +++.......             (no amulet)
HPRegen  0.08/turn              (no ring)
MPRegen  0.12/turn              (no ring)

@: quick
A: very small, no armour, no weapons or thrown items, stealth, claws 1, fangs 3,
see invisible, speed 1, shaggy fur 2, sharp paws
a: no special abilities


You were on level 5 of the Dungeon.
You visited 1 branch of the dungeon, and saw 5 of its levels.
You also visited: Sewer.

You collected 215 gold pieces.

Inventory:

Wands
 k - a wand of acid (3)
 l - a wand of polymorph (11)
Scrolls
 b - 9 scrolls of identify
 c - a scroll of enchant weapon {unknown}
 h - a scroll of fear {unknown}
 m - 2 scrolls of teleportation {unknown}
Potions
 a - 2 potions of attraction {unknown}
 d - 3 potions of heal wounds {unknown}
 e - 2 potions of curing {unknown}
 f - a potion of lignification {unknown}
 g - 2 potions of brilliance {unknown}
 i - 2 potions of mutation {unknown}
 j - 5 potions of flight
 n - a potion of degeneration {unknown}


   Skills:
 + Level 7.0 Dodging
 - Level 2.6 Stealth
 - Level 2.0 Spellcasting
 * Level 7.5 Conjurations


You had 6 spell levels left.
You knew the following spells:

 Your Spells              Type           Power        Failure   Level
a - Magic Dart            Conj           ####         1%          1
b - Searing Ray           Conj           #####.       1%          2

Your spell library contained the following spells:

 Spells                   Type           Power        Failure   Level
 Dazzling Flash           Conj/Hex       ###...       9%          3
 Animate Skeleton         Necr           #.....       14%         1
 Pain                     Necr           #...         14%         1
 Summon Small Mammal      Summ           #...         14%         1
 Call Imp                 Summ           #.......     21%         2
 Fulminant Prism          Conj/Hex       ###.......   28%         4
 Iskenderun's Mystic Bla  Conj/Tloc      ###.....     28%         4
 Call Canine Familiar     Summ           #.......     38%         3
 Summon Guardian Golem    Hex/Summ       #.......     38%         3
 Vampiric Draining        Necr           #.........   38%         3
 Animate Dead             Necr           #.........   80%         4
 Summon Ice Beast         Ice/Summ       #.......     80%         4
 Summon Lightning Spire   Summ/Air       #.......     80%         4
 Agony                    Necr           #.......     98%         5


Dungeon Overview and Level Annotations

Branches:
Dungeon (5/15)              Sewer (visited)
 Temple: D:4-7

Altars:
Elyvilon
Makhleb
Wu Jian


Innate Abilities, Weirdness & Mutations

You cannot wear armour.
You are incapable of wielding weapons or throwing items.
Your paws allow you to move quietly. (Stealth)
You have sharp claws.
You have razor-sharp teeth.
You have supernaturally acute eyesight. (SInv)
You cover ground quickly.
You are covered in thick fur. (AC +2)
Your sharp claws are effective at attacking unaware monsters.


Message History

You scratch the rat.
You kill the rat!
You scratch the worm.
The worm is lightly wounded.
The worm splashes around in the water.
You scratch the worm.
The worm is lightly wounded.
You barely miss the worm.
The worm is lightly wounded.
The worm bites you.
* * * LOW HITPOINT WARNING * * *
You scratch the worm.
The worm is lightly wounded.
The worm splashes around in the water.
You scratch the worm. You bite the worm.
The worm is moderately wounded.
You scratch the worm.
The worm is heavily wounded.
The worm bites you.
You die...

#'####'###### ........#
........# ##### ........#
####.?.# ........# #≈.....#
.....[..# #≈≈≈...# ####...##.#
#†≈≈≈..# ..##...##.####
#≈w≈≈≈.#
..#........#...#@†≈≈≈.#
..#........#...######.#
..#........#..........#
..#........#.........##
..'........#.........#
..#........#.[.......#
..#........#.........#
..###'######..###..############
....#....###..###..###..#.....#


You could see a worm.

Vanquished Creatures
  Sigmund (D:4)
  A sky beast (D:3)
  An orc priest (D:5)
  2 hounds (D:4)
  5 orc wizards (D:5)
  An iguana (D:5)
  Natasha (thrice) (D:3)
  A worker ant (D:4)
  3 gnolls (D:3)
  8 adders
  A river rat (D:5)
  A white imp (D:5)
  6 oozes
  An adder skeleton (D:4)
  6 worms
  A dart slug (D:2)
  5 leopard geckos
  7 orcs
  4 ball pythons
  5 giant cockroaches
  6 goblins
  4 hobgoblins
  8 jackals
  A quokka (D:5)
  17 bats
  4 frilled lizards
  5 kobolds
  A quokka zombie (D:5)
  10 rats
119 creatures vanquished.

Notes
Turn   | Place    | Note
-------+----------+-------------------------------------------
     0 | D:1      | Lanoc the Felid Conjurer began the quest for the Orb.
     0 | D:1      | Reached XP level 1. HP: 7/7 MP: 4/4
   166 | D:2      | Reached XP level 2. HP: 11/11 MP: 3/6
   479 | D:1      | Learned a level 2 spell: Searing Ray
   486 | D:2      | Found an ornate altar of the Wu Jian Council.
   604 | D:2      | Reached XP level 3. HP: 14/14 MP: 0/7
  1612 | D:3      | Reached XP level 4. HP: 18/18 MP: 6/8
  1670 | D:3      | Noticed Natasha
  1675 | D:3      | Killed Natasha
  1778 | D:3      | Noticed a sky beast
  1810 | D:3      | Killed a sky beast
  1810 | D:3      | Reached skill level 5 in Conjurations
  1810 | D:3      | Reached XP level 5. HP: 8/21 MP: 2/9
  1932 | D:3      | Noticed Natasha
  1935 | D:3      | Killed Natasha
  1935 | D:3      | Reached skill level 5 in Dodging
  2080 | D:3      | Noticed Natasha
  2082 | D:3      | Killed Natasha
  2166 | D:3      | Gained mutation: You are covered in thick fur. (AC +2)
                  | [Felid growth]
  2166 | D:3      | Reached XP level 6. HP: 24/24 MP: 6/10
  2270 | D:3      | Found a white marble altar of Elyvilon.
  2600 | D:4      | Found a burning altar of Makhleb.
  3182 | D:4      | Noticed Sigmund
  3188 | D:4      | Killed Sigmund
  3188 | D:4      | Reached XP level 7. HP: 27/27 MP: 3/11
  3707 | D:5      | Entered Level 5 of the Dungeon
  4062 | D:5      | Killed from afar by a white imp
  4063 | D:5      | Reached XP level 6. HP: -3/24 MP: 1/10
  4337 | D:5      | Slain by an orc wizard
  4338 | D:5      | Reached XP level 5. HP: 0/21 MP: 0/9
  4408 | D:5      | Found a glowing drain.
  4420 | Sewer    | Entered a sewer
  5243 | Sewer    | Reached XP level 6. HP: 24/24 MP: 5/10
  5460 | D:5      | Slain by a worm

Illustrated notes

Levels and vault maps discovered:
D:1:      sevenhm_arrival_forest_fort_small_5, layout_basic,
          nemelex_xobeh_ov_fountains_minmay
D:2:      layout_rooms, nicolae_overflow_crystal_walls, chequers_jeans
D:3:      layout_loops_ring, elyvilon_altar_3, uniq_natasha
D:4:      layout_basic, makhleb_heckhound_becter, uniq_sigmund
D:5:      layout_gridville, portal_sewer_entry_b

Skill      XL: |  1  2  3  4  5  6  7 |
---------------+----------------------+-----
Dodging        | 3 4 7 6 |  7.0
Conjurations   | 4 5 6 7 |  7.5
Stealth        | |  2.6
Spellcasting   | |  2.0

Action                   |  1- 3 |  4- 6 |  7- 9 || total
-------------------------+-------+-------+-------++-------
Melee: Unarmed           |    31 |    31 |     1 ||    63
       Bite              |     3 |     3 |     1 ||     7
 Cast: Magic Dart        |    55 |    90 |    27 ||   172
       Searing Ray       |     3 |    17 |     6 ||    26
  Use: Potion            |       |     1 |       ||     1
       Scroll            |       |     3 |       ||     3
Armor: Skin              |     4 |     5 |       ||     9
Dodge: Dodged            |    40 |    61 |     3 ||   104

Table legend: (Time is in decaauts)
 A = Elapsed time spent in this place.
 B = Non-inter-level travel time spent in this place.
 C = Inter-level travel time spent in this place.
 D = Time resting spent in this place.
 E = Time spent auto-exploring this place.
 F = Levels seen in this place.
 G = Mean time per level.
                   A        B        C        D        E       F      G
               +--------+--------+--------+--------+--------+-----+--------+
         Total |   5091 |   5055 |     36 |     70 |   4068 |   6 |  848.5 |
       Dungeon |   4012 |   3976 |     36 |     70 |   3138 |   5 |  802.4 |
         Sewer |   1078 |   1078 |      0 |      0 |    930 |   1 | 1078.0 |
               +--------+--------+--------+--------+--------+-----+--------+

Top non-repeatable levels by time:
     D:3: 1097 daAuts
   Sewer: 1078 daAuts
     D:4: 999 daAuts
     D:2: 914 daAuts
     D:5: 656 daAuts
     D:1: 345 daAuts
